 Dungeon Crawl Stone Soup version 0.29-a0-887-gcbe080d7e0 (webtiles) character file.

Game seed: 16416223951023124499

987 zeratav the Tainter (level 8, 0/51 HPs)
             Began as an Octopode Venom Mage on July 21, 2022.
             Splashed by a jelly's acid (7 damage)
             ... on level 6 of the Dungeon.
             The game lasted 00:08:58 (5976 turns).

zeratav the Tainter (Octopode Venom Mage)           Turns: 5976, Time: 00:08:59

Health: 0/51       AC: -2    Str:  8    XL:     8   Next: 18%
Magic:  7/11       EV: 14    Int: 25    God:
Gold:   257        SH:  0    Dex: 18    Spells: 4/11 levels left

rFire   . . .      SeeInvis .   p - +0 dagger (protect) {short}
rCold   . . .      Faith    .   (no shield)
rNeg    . . .      Spirit   .   n - +2 hat
rPois   .          Reflect  .   (no amulet)
rElec   .          Harm     .   b - +6 ring of intelligence
rCorr   .          Rampage  .   x - ring of flight
Will    .....                   y - +6 ring of dexterity
Stlth   ++++......              (no ring)
HPRegen 0.17/turn               (no ring)
MPRegen 0.12/turn               (no ring)
                                (no ring)
                                (no ring)

@: corroded, under a protective aura, flying
A: almost no armour, amphibious, 8 rings, camouflage 1, gelatinous body 1,
(nimble swimmer 1), tentacles
a: no special abilities


You were on level 6 of the Dungeon.
You visited 1 branch of the dungeon, and saw 6 of its levels.

You collected 257 gold pieces.


Innate Abilities, Weirdness & Mutations

You cannot wear most types of armour.
You are amphibious.
You can wear up to eight rings at the same time.
Your skin changes colour to match your surroundings (Stealth+).
Your rubbery body absorbs attacks. (AC +1, EV +1)
((You are camouflaged when in or above water. (Stealth+)))
You have tentacles for arms and can constrict up to eight enemies at once.


   Skills:
 + Level 2.4 Fighting
 + Level 3.3 Dodging
 - Level 5.0 Stealth
 - Level 2.0 Spellcasting
 - Level 1.0 Transmutations
 - Level 10.0 Poison Magic


You had 4 spell levels left.
You knew the following spells:

 Your Spells              Type           Power      Damage    Failure   Level
a - Sting                 Tmut/Pois      100%       1d8       1%          1
b - Poisonous Vapours     Pois/Air       54%        N/A       2%          2
c - Olgreb's Toxic Radia  Pois           51%        N/A       1%          4

Your spell library contained the following spells:

 Spells                   Type           Power      Damage    Failure   Level
 Mephitic Cloud           Conj/Pois/Air  19%        N/A       9%          3
 Apportation              Tloc           4%         N/A       11%         1
 Magic Dart               Conj           8%         1d3       11%         1
 Searing Ray              Conj           4%         2d4       17%         2
 Animate Dead             Necr           2%         N/A       73%         4
 Fulminant Prism          Conj/Hex       1%         3d6       73%         4
 Alistair's Intoxication  Tmut/Pois      20%        N/A       32%         5
 Borgnjor's Vile Clutch   Necr/Erth      1%         N/A       97%         5
 Death Channel            Necr           1%         N/A       100%        6

Inventory:

Hand Weapons
 p - a +0 dagger of protection (weapon) {short}
   (You took it off a goblin on level 2 of the Dungeon)
Armour
 n - a +2 hat (worn)
   (You found it on level 2 of the Dungeon)
Jewellery
 b - a +6 ring of intelligence (left tentacle)
   (You found it on level 1 of the Dungeon)
 x - a ring of flight (right tentacle)
   (You found it on level 4 of the Dungeon)
 y - a +6 ring of dexterity (on tentacle)
   (You found it on level 4 of the Dungeon)
Wands
 B - a wand of acid (13)
   (You found it on level 4 of the Dungeon)
 C - a wand of digging (5)
   (You found it on level 5 of the Dungeon)
 D - a wand of mindburst (13)
   (You found it on level 5 of the Dungeon)
Scrolls
 c - 2 scrolls of fear
 d - 5 scrolls of identify {unknown}
 f - 2 scrolls of brand weapon {unknown}
 h - a scroll of vulnerability {unknown}
 l - a scroll of magic mapping {unknown}
 m - a scroll of immolation {unknown}
 q - a scroll of summoning {unknown}
 s - a scroll of teleportation {unknown}
 t - a scroll of noise {unknown}
 u - a scroll of butterflies {unknown}
 v - a scroll of amnesia {unknown}
 A - a scroll of blinking {unknown}
Potions
 a - a potion of magic
 e - 7 potions of curing {unknown}
 g - a potion of resistance {unknown}
 i - 2 potions of flight {unknown}
 j - a potion of attraction {unknown}
 k - 2 potions of cancellation {unknown}
 o - a potion of might {unknown}
 r - 2 potions of heal wounds {unknown}
 w - 3 potions of degeneration {unknown}
 z - a potion of berserk rage {unknown}
 E - a potion of mutation {unknown}
 F - a potion of invisibility {unknown}

Dungeon Overview and Level Annotations

Branches:
Dungeon (6/15) Zot: 26952
 Temple: D:4-7

Altars:
Ru
Yredelemnul
Zin

Shops:
D:3 :

Annotations:
D:3 Sigmund

..............#
..............#
..............#+##
#########.........
#........[
#.........
#)........
######+#.........
.....?.@....##+##
.......J....#
............+
...........<#
###.....#+###
+.....+ #.....#
#.....# ####.


You could see a jelly (very poisoned).


Message History

The orc wizard flickers and vanishes!
Deactivating autopickup; reactivate with Ctrl-A.
HP[+1] MP[-4]
You now have 51 max hp (+1).
You lost 4 mp, and now have 7/11 mp.
No target in view!
An orc comes into view. It is wielding a +0 mace.
The orc is poisoned.
Casting: Olgreb's Toxic Radiance (dangerous; 1% risk of failure)
Confirm with . or Enter, or press ? or * to list all spells.
Your toxic radiance grows in intensity.
You kill the orc!
Reactivating autopickup.
You feel a bit more experienced.
MP[-4]
You lost 4 mp, and now have 3/11 mp.
You start resting.
Your toxic aura wanes.
HP[+1]
w - 3 fuming ruby potions (gained 1)
An orc comes into view. It is wielding a +0 dagger.
HP[+9] MP[+8]
Your hp is fully restored (51).
Your mp is fully restored (11).
An orc is nearby!
The orc shouts!
You hit the orc but do no damage.
Your weapon exudes an aura of protection.
You grab the orc. You constrict the orc. The orc hits you but does no damage.
You hit the orc. You constrict the orc.
You kill the orc!
No target in view!
No target in view!
No target in view!
No target in view!
No target in view!
No target in view!
No target in view!
No target in view!
No target in view!
You see here a +0 dagger {short}.
Things that are here:
a +0 mace {mace}; a +0 ring mail; an orc corpse You see here a +0 robe.
Done exploring.
Done exploring.
Done exploring.
Done exploring.
(D) Dungeon
Where to? (Enter - D:5, ? - help)
You see here a +0 robe.
There is a stone staircase leading down here.
You fly downwards.
There is a stone staircase leading up here.
You hear a distant slurping noise.
Found a stone staircase leading down.
r - 2 lumpy sapphire potions (gained 1)
E - a glowing orange potion
i - 2 metallic sapphire potions (gained 1)
Found a stone staircase leading up.
You hear a distant slurping noise.
F - a brown potion You reach down and open the door.
There is an open door here.
A jelly comes into view.
You see here a +0 club {mace}.
A jelly is nearby!
The sting hits the jelly.
The jelly partially resists.
The jelly is poisoned.
The jelly quivers.
MP[-1]
You lost 1 mp, and now have 10/11 mp.
The sting hits the jelly.
The jelly partially resists.
The jelly looks even sicker.
The jelly hits you. The acid corrodes you!
You are splashed with acid!
HP[-13] MP[-1]
You take 13 damage, and now have 38/51 hp.
MASSIVE DAMAGE!! (PAUSE)
You lost 1 mp, and now have 9/11 mp.
The sting hits the jelly.
The jelly partially resists.
The jelly looks even sicker.
The jelly hits you.
You are splashed with acid!
HP[-12] MP[-1]
You take 12 damage, and now have 26/51 hp.
MASSIVE DAMAGE!! (PAUSE)
You lost 1 mp, and now have 8/11 mp.
The sting hits the jelly.
The jelly partially resists.
The jelly hits you.
* * * LOW HITPOINT WARNING * * *
The acid corrodes you!
You are splashed with acid!
* * * LOW HITPOINT WARNING * * *
HP[-13] MP[-1]
You take 13 damage, and now have 13/51 hp.
MASSIVE DAMAGE!! (PAUSE)
You lost 1 mp, and now have 7/11 mp.
You are too injured to fight recklessly!
You are too injured to fight recklessly!
You hit the jelly.
Your weapon exudes an aura of protection.
Your tentacles burn!
* * * LOW HITPOINT WARNING * * *
You squeeze the jelly. The jelly hits you.
* * * LOW HITPOINT WARNING * * *
The acid corrodes you!
You are splashed with acid!
You die...

Skill      XL: |  1  2  3  4  5  6  7  8 |
---------------+-------------------------+-----
Stealth        | 3 4 5 |  5.0
Poison Magic   | 4 6 7 8 10 | 10.0
Fighting       | 1 2 |  2.4
Dodging        | 3 |  3.3
Spellcasting   | |  2.0
Transmutations | |  1.0

Action                   |  1- 3 |  4- 6 |  7- 9 || total
-------------------------+-------+-------+-------++-------
Melee: Unarmed           |     3 |       |       ||     3
       Dagger            |    53 |   126 |    20 ||   199
       Constrict         |    12 |    26 |     3 ||    41
       Tentacles         |    12 |    22 |     6 ||    40
       Punch             |       |     1 |       ||     1
 Cast: Sting             |    14 |     9 |    13 ||    36
       Poisonous Vapours |       |    16 |    12 ||    28
       Olgreb's Toxic Ra |       |     3 |     3 ||     6
  Use: Scroll            |       |     1 |       ||     1
 Stab: Sleeping          |     7 |    14 |     2 ||    23
Armor: Skin              |     4 |    41 |     7 ||    52
Dodge: Dodged            |    25 |    65 |     7 ||    97

Levels and vault maps discovered:
D:1:      minmay_arrival_five_plusses, layout_loops_ring, minmay_misc_feat_rows
D:2:      layout_loops_ring, basic_altar,
          shapermc_ecumenical_altar_mp_highgroup, eino_tiny_chamber, uniq_robin
D:3:      layout_basic, serial_shops, shop, grunt_ministairs_3,
          kennysheep_generic_room_14, uniq_jessica, uniq_terence, uniq_sigmund
D:4:      nicolae_cairo_tiling_large, layout_gridville,
          mainiacjoe_overflow_catwalk, kennysheep_mini,
          minmay_increasing_density
D:5:      layout_loops_cross, kennysheep_small_circle
D:6:      layout_gridville, mainiacjoe_overflow_six_doors_small,
          minmay_temple_entry_large_hall

Notes
Turn   | Place    | Note
-------+----------+-------------------------------------------
     0 | D:1      | zeratav the Octopode Venom Mage began the quest for the
                  | Orb.
     0 | D:1      | Reached XP level 1. HP: 11/11 MP: 3/3
     0 | D:1      | magus.rc [v1.9.6]
   256 | D:1      | Reached skill level 3 in Stealth
   433 | D:1      | Reached XP level 2. HP: 17/17 MP: 1/5
   475 | D:1      | Reached skill level 4 in Poison Magic
  1478 | D:2      | Reached XP level 3. HP: 21/21 MP: 6/6
  1508 | D:2      | Reached skill level 4 in Stealth
  1646 | D:2      | Found a sacrificial altar of Ru.
  2059 | D:2      | Noticed Robin
  2061 | D:2      | Reached XP level 4. HP: 27/27 MP: 7/7
  2067 | D:2      | Killed Robin
  2219 | D:2      | Reached skill level 5 in Poison Magic
  2392 | D:2      | Found a faded altar of an unknown god.
  2606 | D:3      | Found Ostreph's Book Boutique.
  2641 | D:3      | Noticed Terence
  2648 | D:3      | Learned a level 2 spell: Poisonous Vapours
  2796 | D:3      | You pick up a book of Conjurations and begin reading...
  2796 | D:3      | You add the spells Magic Dart, Searing Ray and Fulminant
                  | Prism to your library.
  2843 | D:3      | Reached skill level 5 in Stealth
  2897 | D:3      | Noticed a scorpion
  2908 | D:3      | Killed a scorpion
  2909 | D:3      | Reached skill level 6 in Poison Magic
  2909 | D:3      | Reached XP level 5. HP: 17/31 MP: 0/8
  3211 | D:3      | Noticed Sigmund
  3262 | D:4      | Killed Terence
  3442 | D:4      | Reached skill level 7 in Poison Magic
  3442 | D:4      | Reached XP level 6. HP: 36/36 MP: 3/9
  3563 | D:4      | Found a glowing silver altar of Zin.
  3617 | D:4      | Found a sacrificial altar of Ru.
  4381 | D:5      | Entered Level 5 of the Dungeon
  4400 | D:5      | Reached skill level 8 in Poison Magic
  4432 | D:5      | HP: 9/36 [gnoll/+0 halberd[a gnoll bouda] (14)]
  4659 | D:4      | Learned a level 4 spell: Olgreb's Toxic Radiance
  4817 | D:5      | Reached XP level 7. HP: 38/41 MP: 5/10
  4976 | D:5      | You pick up a book of Party Tricks and begin reading...
  4976 | D:5      | You add the spells Apportation and Alistair's Intoxication
                  | to your library.
  5042 | D:5      | Reached skill level 9 in Poison Magic
  5046 | D:5      | Found a basalt altar of Yredelemnul.
  5396 | D:5      | Reached skill level 10 in Poison Magic
  5461 | D:5      | You pick up a book of Unlife and begin reading...
  5461 | D:5      | You add the spells Animate Dead, Borgnjor's Vile Clutch and
                  | Death Channel to your library.
  5534 | D:5      | Reached skill level 1 in Fighting
  5534 | D:5      | Reached XP level 8. HP: 48/48 MP: 6/11
  5630 | D:5      | Reached skill level 2 in Fighting
  5630 | D:5      | Reached skill level 3 in Dodging
  5976 | D:6      | HP: 9/51 [acid (4)]
  5976 | D:6      | Splashed by a jelly's acid

Vanquished Creatures
  An ogre (D:5)
  5 scorpions
  2 necrophages (D:5)
  A howler monkey (D:4)
  2 orc priests (D:5)
  A hound (D:4)
  A jelly (D:4)
  A gnoll bouda (D:5)
  An iguana (D:5)
  Terence (D:4)
  An orc wizard (D:5)
  Robin (D:2)
  7 adders
  4 gnolls (D:5)
  A shadow imp (D:5)
  A worm (D:3)
  4 dart slugs
  12 orcs
  2 bats
  6 endoplasms
  3 giant cockroaches
  12 goblins
  9 hobgoblins
  8 jackals
  2 quokkas (D:2)
  8 ball pythons
  4 frilled lizards
  2 rats
103 creatures vanquished.

Table legend:
 A = Non-vault XP
 B = Vault XP
 C = Vault XP percentage of total XP
 D = Non-vault monster count
 E = Vault monster count
 F = Vault count percentage of total count
                 A         B        C        D         E       F
            +---------+---------+-------+---------+---------+-------
      Total |    1305 |     106 |   7.5 |      87 |      16 |  15.5
            +---------+---------+-------+---------+---------+-------
        D:1 |      24 |       0 |   0.0 |      15 |       0 |   0.0
        D:2 |      61 |      27 |  30.7 |      19 |       7 |  26.9
        D:3 |     134 |       0 |   0.0 |      17 |       0 |   0.0
        D:4 |     158 |      76 |  32.5 |      11 |       8 |  42.1
        D:5 |     928 |       3 |   0.3 |      25 |       1 |   3.8
            +---------+---------+-------+---------+---------+-------

Illustrated notes

Table legend:
 A = Kills in this place as a percentage of kills in entire the game.
 B = Kills by you in this place as a percentage of kills by you in the entire game.
 C = Kills by friends in this place as a percentage of kills by friends in the entire game.
 D = Other kills in this place as a percentage of other kills in the entire game.
 E = Experience gained in this place as a percentage of experience gained in the entire game.
 F = Experience gained in this place divided by the number of levels of this place that you have seen.
                   A       B       C       D       E      F
               +-------+-------+-------+-------+-------+----------------------
         Total | 100.0 | 100.0 |   N/A |   N/A | 100.0 | 235.2
       Dungeon | 100.0 | 100.0 |   N/A |   N/A | 100.0 | 235.2
               +-------+-------+-------+-------+-------+----------------------

Table legend: (Time is in decaauts)
 A = Elapsed time spent in this place.
 B = Non-inter-level travel time spent in this place.
 C = Inter-level travel time spent in this place.
 D = Time resting spent in this place.
 E = Time spent auto-exploring this place.
 F = Levels seen in this place.
 G = Mean time per level.
                   A        B        C        D        E       F      G
               +--------+--------+--------+--------+--------+-----+--------+
         Total |   5973 |   5828 |    145 |    780 |   4330 |   6 |  995.5 |
       Dungeon |   5973 |   5828 |    145 |    780 |   4330 |   6 |  995.5 |
               +--------+--------+--------+--------+--------+-----+--------+

Top non-repeatable levels by time:
     D:4: 1526 daAuts
     D:2: 1333 daAuts
     D:1: 1256 daAuts
     D:5: 1178 daAuts
     D:3: 631 daAuts
     D:6: 46 daAuts
